 Dungeon Crawl Stone Soup version 0.23.2-33-g5129a83184 (webtiles) character file.

Game seed: 16592125342745652501

331 psyvane the Vexing (level 6, -3/55 HPs)
             Began as an Ogre Arcane Marksman on July 21, 2019.
             Slain by an orc wizard
             ... wielding a +0 dagger
              (5 damage)
             ... on level 4 of the Dungeon.
             The game lasted 00:14:15 (4394 turns).

psyvane the Vexing (Ogre Arcane Marksman)           Turns: 4394, Time: 00:14:20

Health: -3/55      AC:  3    Str: 15    XL:     6   Next: 51%
Magic:  4/7        EV: 10    Int: 14    God:
Gold:   156        SH:  0    Dex: 11    Spells: 0/7 levels left

rFire    . . .     SeeInvis .   q - +1 mace (drain)
rCold    . . .     Gourm    .   (no shield)
rNeg     . . .     Faith    .   a - +0 robe
rPois    .         Spirit   .   (helmet restricted)
rElec    .         Reflect  .   (no cloak)
rCorr    .         Harm     .   (gloves unavailable)
MR       .....                  (boots unavailable)
Stlth    +.........             (no amulet)
HPRegen  0.18/turn              (no ring)
MPRegen  0.10/turn              (no ring)

@: about to teleport
A: large, unfitting armour, tough skin 1
a: no special abilities


You were on level 4 of the Dungeon.
You were hungry.

You visited 1 branch of the dungeon, and saw 4 of its levels.

You collected 156 gold pieces.

Inventory:

Hand Weapons
 i - a +0 dagger
 o - a +0 hunting sling
 q - a +1 mace of draining (weapon)
 s - a +0 morningstar
Missiles
 d - 2 throwing nets
 p - 41 sling bullets
 t - a large rock (quivered)
 u - 2 tomahawks
Armour
 a - a +0 robe (worn)
Jewellery
 r - an uncursed ring of magical power
Scrolls
 b - 2 scrolls of enchant weapon {unknown}
 e - 5 scrolls of identify
 l - 2 scrolls of amnesia {unknown}
 v - a scroll of blinking {unknown}
 w - a scroll of remove curse {unknown}
 x - a scroll of fog {unknown}
Potions
 c - 2 potions of curing
 g - a potion of flight {unknown}
 j - a potion of lignification {unknown}
 k - a potion of mutation
 m - a potion of might {unknown}
 n - a potion of heal wounds {unknown}
Comestibles
 f - 9 rations


   Skills:
 - Level 1.3 Fighting
 - Level 0.6 Short Blades
 - Level 4.7 Throwing
 - Level 1.7 Dodging
 - Level 1.2 Spellcasting
 * Level 5.0 Hexes


You couldn't memorise any spells.
You knew the following spells:

 Your Spells              Type           Power        Failure   Level  Hunger
a - Corona                Hex            ##.....      3%          1    ##.....
b - Slow                  Hex            ##......     4%          2    ###....
c - Cause Fear            Hex            ##........   32%         4    #####..

Your spell library contained the following spells:

 Spells                   Type           Power        Failure   Level  Hunger
 Inner Flame              Hex/Fire       #.......     28%         3    ####...
 Portal Projectile        Hex/Tloc       #.....       28%         3    ####...
 Leda's Liquefaction      Hex/Erth       #.........   67%         4    #####..


Dungeon Overview and Level Annotations

Branches:
Dungeon (4/15)
 Temple: D:4-7

Altars:


Innate Abilities, Weirdness & Mutations

You are too large for most types of armour.
You have tough skin. (AC +1)


Message History

Throwing (i - inventory. (/) - cycle)
t - 2 large rocks (quivered)
Press: ? - help, Shift-Dir - straight line, f/p - orc wizard
Aim: an orc wizard, wielding a +0 dagger and wearing a +0 robe (lightly wounded, fast, softly glowing)
You throw a large rock. The large rock hits the orc wizard!
The orc wizard is severely wounded.
The orc wizard gestures at you while chanting.
The puff of flame hits you!
The orc wizard points at you and mumbles some strange words.
The magic dart hits you!
* * * LOW HITPOINT WARNING * * *
The orc wizard casts a spell.
The orc wizard blinks!
The orc wizard hits you but does no damage.
As you read the scroll of teleportation, it crumbles to dust.
You feel strangely unstable.
The orc wizard gestures at you while chanting.
The puff of frost hits you!
* * * LOW HITPOINT WARNING * * *
The orc wizard hits you with a +0 dagger.
You die...

#... #..## #...
#..## #..o #.†..
##..## ##..#
....o###########...
#............... #
#....########...
#.###....# #.....
#..@oo#.## #.####
....o######.# #.#
### #.# #.# #.# #.#
#.# #.# ..#
#####.#### ###
#.........
#.###.###. #.# #.#
#.


You could see 2 orc wizards and an orc.

Vanquished Creatures
  3 orc priests (D:3)
  3 orc wizards
  Jessica (D:3)
  5 adders
  A worm (D:2)
  3 dart slugs
  3 leopard geckos
  7 orcs
  9 bats
  4 giant cockroaches
  4 hobgoblins
  3 jackals (D:2)
  3 kobolds
  A quokka (D:4)
  A ball python (D:3)
  7 frilled lizards
  7 goblins
  12 rats
77 creatures vanquished.

Notes
Turn   | Place    | Note
-------+----------+-------------------------------------------
     0 | D:1      | psyvane the Ogre Arcane Marksman began the quest for the
                  | Orb.
     0 | D:1      | Reached XP level 1. HP: 19/19 MP: 2/2
   451 | D:1      | Reached XP level 2. HP: 27/27 MP: 0/3
   534 | D:1      | Learned a level 2 spell: Slow
  1310 | D:2      | Found a faded altar of an unknown god.
  1357 | D:2      | Reached XP level 3. HP: 29/33 MP: 2/4
  2197 | D:2      | Reached XP level 4. HP: 36/41 MP: 3/5
  2604 | D:3      | Reached skill level 3 in Hexes
  2916 | D:3      | Reached XP level 5. HP: 48/48 MP: 3/6
  2921 | D:3      | Reached skill level 4 in Hexes
  2965 | D:3      | Noticed Jessica
  3001 | D:3      | Killed Jessica
  3009 | D:3      | Reached XP level 6. HP: 17/55 MP: 3/7
  3068 | D:3      | Reached skill level 5 in Hexes
  4271 | D:4      | Learned a level 4 spell: Cause Fear
  4394 | D:4      | HP: 2/55 [orc wizard/puff of frost (11)]
  4394 | D:4      | Slain by an orc wizard

Skill      XL: |  1  2  3  4  5  6 |
---------------+-------------------+-----
Throwing       | 3 4 |  4.7
Hexes          | 3 4 5 |  5.0
Fighting       | |  1.3
Short Blades   | |  0.6
Dodging        | |  1.7
Spellcasting   | |  1.2

Action                   |  1- 3 |  4- 6 || total
-------------------------+-------+-------++-------
Melee: Unarmed           |    58 |       ||    58
       Dagger            |   108 |     1 ||   109
       Mace              |       |    76 ||    76
Throw: Large rock        |    11 |    16 ||    27
       Tomahawk          |       |     2 ||     2
       Throwing net      |       |     1 ||     1
 Cast: Corona            |    49 |    48 ||    97
       Slow              |     1 |       ||     1
  Use: Scroll            |     2 |     4 ||     6
       Potion            |       |     1 ||     1
  Eat: Chunk             |     6 |     8 ||    14
Armor: Robe              |   105 |    22 ||   127
Dodge: Dodged            |   175 |    65 ||   240
